[ AOE2 MATCH · #507378086 ]
UnrankedHindustanis vs Khmer
[ REPLAY ANALYSIS · EXTRACTED FROM THE RECORDED GAME ]
Feudal
8:58
Castle
23:07
Imperial
—
| APM avg | 33.1 |
| APM peak | 69 |
| eAPM avg | 13.0 |
| Villagers / military | 52 / 12 |
Focus
⚔️ 25.6% · 🌾 74.4%
Militia ×6 · Skirmisher ×3 · Armored Elephant ×3
Feudal
10:14
Castle
23:43
Imperial
—
| APM avg | 27.1 |
| APM peak | 45 |
| eAPM avg | 12.4 |
| Villagers / military | 50 / 10 |
Focus
⚔️ 16.8% · 🌾 83.2%
Archer ×7 · Petard ×2 · Scorpion ×1
Match map
Initial resources + every placement click. Lines = walls · curves = elevation contours. ◆ gold · ⬟ stone · ● berries · ✦ relic · ◌ wall gap
Your base· ✓ Closed at 23:07 · 0t walls · 3 gate(s)
Cer's base· ✓ Closed at 23:43 · 36t walls · 3 gate(s)
Smoothed initial terrain · ◌ = detected wall gap · hover for details
Inputs per minute
— ELEG VACASADA - - Cer
Build order — ELEG VACASADA
123 actions detected in the replay
| 0:00 | Queue | Villager (Male) |
| 0:00 | Queue | Villager (Male) |
| 0:01 | Queue | Villager (Male) |
| 0:01 | Queue | Villager (Male) |
| 0:02 | Build | House |
| 0:05 | Build | House |
| 1:37 | Queue | Villager (Male) |
| 1:58 | Queue | Villager (Male) |
| 2:12 | Build | Lumber Camp |
| 2:35 | Queue | Villager (Male) |
| 2:35 | Queue | Villager (Male) |
| 2:59 | Queue | Villager (Male) |
| 3:15 | Queue | Villager (Male) |
| 3:51 | Queue | Villager (Male) |
| 4:04 | Build | House |
| 4:18 | Queue | Villager (Male) |
| 4:57 | Queue | Villager (Male) |
| 5:07 | Queue | Villager (Male) |
| 5:34 | Build | Barracks |
| 5:57 | Queue | Villager (Male) |
| 6:48 | Research | Feudal Age |
| 6:56 | Build | Mining Camp |
| 7:32 | Build | House |
| 7:36 | Queue | Militia |
| 7:48 | Queue | Villager (Male) |
| 8:01 | Queue | Militia |
| 8:14 | Queue | Militia |
| 8:30 | Queue | Militia |
| 8:55 | Build | Mill |
| 8:58 | Age | Feudal Age |
| 9:01 | Research | Man-at-Arms (upgrade) |
| 9:25 | Research | Arson |
| 9:43 | Queue | Villager (Male) |
| 9:43 | Queue | Villager (Male) |
| 9:48 | Research | Loom |
| 10:35 | Queue | Villager (Male) |
| 10:47 | Queue | Villager (Male) |
| 10:51 | Build | Farm |
| 10:51 | Build | Farm |
| 10:52 | Build | Farm |
| 10:52 | Build | Farm |
| 10:52 | Build | Farm |
| 10:52 | Build | Farm |
| 10:53 | Build | Farm |
| 10:53 | Build | Farm |
| 11:19 | Build | Watch Tower |
| 11:46 | Build | House |
| 11:55 | Research | Wheelbarrow |
| 12:39 | Build | Mining Camp |
| 12:47 | Queue | Villager (Male) |
| 13:18 | Queue | Militia |
| 13:18 | Queue | Militia |
| 13:47 | Queue | Villager (Male) |
| 13:47 | Queue | Villager (Male) |
| 14:08 | Build | Watch Tower |
| 14:24 | Queue | Villager (Male) |
| 14:42 | Build | House |
| 14:43 | Build | House |
| 14:45 | Build | House |
| 14:52 | Build | Farm |
| 14:56 | Research | Double-Bit Axe |
| 15:24 | Queue | Villager (Male) |
| 15:28 | Queue | Villager (Male) |
| 15:53 | Queue | Villager (Male) |
| 15:55 | Build | Farm |
| 15:57 | Queue | Villager (Male) |
| 16:12 | Queue | Villager (Male) |
| 16:30 | Queue | Villager (Male) |
| 16:41 | Build | Watch Tower |
| 17:04 | Queue | Villager (Male) |
| 17:23 | Build | Farm |
| 17:24 | Build | Farm |
| 17:29 | Build | Farm |
| 17:32 | Build | Farm |
| 17:34 | Build | Farm |
| 18:00 | Build | Market |
| 18:23 | Queue | Villager (Male) |
| 18:44 | Queue | Villager (Male) |
| 19:29 | Queue | Villager (Male) |
| 19:43 | Build | Blacksmith |
| 20:02 | Queue | Villager (Male) |
| 20:21 | Research | Castle Age |
| 20:55 | Build | Archery Range |
| 21:29 | Research | Horse Collar |
| 21:33 | Research | Gold Mining |
| 21:36 | Research | Stone Mining |
| 21:55 | Build | House |
| 22:03 | Build | House |
| 22:08 | Queue | Skirmisher |
| 22:09 | Queue | Skirmisher |
| 22:10 | Queue | Skirmisher |
| 22:39 | Build | House |
| 23:03 | Build | House |
| 23:06 | Build | House |
| 23:07 | Age | Castle Age |
| 23:15 | Build | Castle |
| 23:29 | Queue | Villager (Male) |
| 23:29 | Queue | Villager (Male) |
| 23:30 | Queue | Villager (Male) |
| 23:59 | Queue | Villager (Male) |
| 23:59 | Queue | Villager (Male) |
| 24:00 | Queue | Villager (Male) |
| 24:25 | Queue | Villager (Male) |
| 24:25 | Queue | Villager (Male) |
| 24:46 | Research | Fletching |
| 25:04 | Build | Lumber Camp |
| 25:17 | Queue | Villager (Male) |
| 25:17 | Queue | Villager (Male) |
| 25:17 | Queue | Villager (Male) |
| 25:32 | Build | Mining Camp |
| 26:03 | Build | Siege Workshop |
| 26:26 | Queue | Villager (Male) |
| 26:50 | Queue | Armored Elephant |
| 27:00 | Queue | Villager (Male) |
| 27:35 | Queue | Villager (Male) |
| 27:53 | Queue | Villager (Male) |
| 28:21 | Queue | Armored Elephant |
| 28:36 | Queue | Armored Elephant |
| 28:38 | Queue | Villager (Male) |
| 28:49 | Build | Monastery |
| 29:03 | Research | Bodkin Arrow |
| 29:12 | Queue | Villager (Male) |
| 30:21 | Research | Imperial Age |
Build order — Cer
139 actions detected in the replay
| 0:01 | Queue | Villager (Male) |
| 0:01 | Queue | Villager (Male) |
| 0:01 | Queue | Villager (Male) |
| 0:03 | Build | House |
| 0:06 | Build | House |
| 0:12 | Queue | Villager (Male) |
| 1:45 | Queue | Villager (Male) |
| 1:56 | Build | Lumber Camp |
| 2:00 | Queue | Villager (Male) |
| 2:43 | Queue | Villager (Male) |
| 3:06 | Queue | Villager (Male) |
| 3:06 | Queue | Villager (Male) |
| 3:06 | Queue | Villager (Male) |
| 3:51 | Build | House |
| 3:52 | Queue | Villager (Male) |
| 4:04 | Build | House |
| 4:15 | Queue | Villager (Male) |
| 4:47 | Queue | Villager (Male) |
| 5:01 | Queue | Villager (Male) |
| 5:23 | Build | Mill |
| 5:35 | Queue | Villager (Male) |
| 6:20 | Research | Loom |
| 6:37 | Queue | Villager (Male) |
| 6:37 | Queue | Villager (Male) |
| 6:52 | Queue | Villager (Male) |
| 7:34 | Queue | Villager (Male) |
| 8:04 | Research | Feudal Age |
| 8:11 | Build | Mining Camp |
| 9:20 | Queue | Villager (Male) |
| 9:40 | Build | House |
| 9:41 | Build | House |
| 9:53 | Queue | Villager (Male) |
| 10:14 | Age | Feudal Age |
| 10:19 | Build | Stone Wall |
| 10:34 | Build | Barracks |
| 10:45 | Queue | Villager (Male) |
| 10:47 | Research | Double-Bit Axe |
| 10:49 | Research | Horse Collar |
| 11:15 | Build | Blacksmith |
| 11:27 | Queue | Villager (Male) |
| 11:38 | Build | House |
| 11:40 | Build | House |
| 11:53 | Build | Archery Range |
| 12:01 | Queue | Villager (Male) |
| 12:01 | Queue | Villager (Male) |
| 12:10 | Build | House |
| 12:32 | Build | Market |
| 12:48 | Build | Palisade Wall |
| 12:53 | Build | Palisade Wall |
| 12:56 | Build | Palisade Wall |
| 13:08 | Queue | Archer |
| 13:08 | Queue | Archer |
| 13:14 | Build | Palisade Wall |
| 13:20 | Build | Palisade Wall |
| 13:31 | Queue | Villager (Male) |
| 13:31 | Queue | Villager (Male) |
| 13:41 | Build | Farm |
| 13:49 | Build | Farm |
| 13:55 | Queue | Archer |
| 13:59 | Research | Fletching |
| 14:01 | Queue | Villager (Male) |
| 14:30 | Queue | Villager (Male) |
| 14:33 | Build | Farm |
| 14:36 | Build | Farm |
| 15:20 | Build | Mining Camp |
| 15:33 | Build | Farm |
| 15:36 | Queue | Villager (Male) |
| 15:36 | Queue | Villager (Male) |
| 15:37 | Queue | Villager (Male) |
| 15:40 | Build | Farm |
| 15:45 | Queue | Archer |
| 15:45 | Queue | Archer |
| 15:54 | Build | House |
| 16:26 | Queue | Archer |
| 16:32 | Build | Farm |
| 16:36 | Build | Farm |
| 17:05 | Build | Farm |
| 17:09 | Build | Farm |
| 17:11 | Build | Farm |
| 17:13 | Queue | Villager (Male) |
| 17:13 | Queue | Villager (Male) |
| 17:16 | Queue | Archer |
| 17:24 | Build | Farm |
| 17:26 | Build | Farm |
| 17:31 | Build | House |
| 17:37 | Build | House |
| 17:47 | Queue | Villager (Male) |
| 17:47 | Queue | Villager (Male) |
| 17:52 | Build | Farm |
| 18:20 | Build | House |
| 18:22 | Build | Palisade Wall |
| 18:25 | Build | Palisade Wall |
| 18:26 | Build | Palisade Wall |
| 18:32 | Build | Palisade Wall |
| 18:46 | Build | Watch Tower |
| 18:58 | Queue | Villager (Male) |
| 18:58 | Queue | Villager (Male) |
| 18:59 | Queue | Villager (Male) |
| 19:03 | Build | Farm |
| 19:05 | Build | Farm |
| 19:27 | Queue | Villager (Male) |
| 19:28 | Queue | Villager (Male) |
| 19:57 | Build | Farm |
| 19:58 | Build | Farm |
| 20:02 | Build | Mining Camp |
| 20:10 | Build | Lumber Camp |
| 20:15 | Build | Farm |
| 20:18 | Build | Farm |
| 20:28 | Build | Farm |
| 20:31 | Build | Farm |
| 20:56 | Research | Castle Age |
| 21:36 | Queue | Villager (Male) |
| 21:36 | Queue | Villager (Male) |
| 21:37 | Queue | Villager (Male) |
| 22:18 | Research | Stone Mining |
| 23:34 | Queue | Villager (Male) |
| 23:34 | Queue | Villager (Male) |
| 23:43 | Age | Castle Age |
| 23:44 | Research | Bow Saw |
| 23:47 | Research | Heavy Plow |
| 24:01 | Build | Castle |
| 24:49 | Build | Siege Workshop |
| 25:22 | Queue | Villager (Male) |
| 26:07 | Queue | Villager (Male) |
| 26:08 | Queue | Villager (Male) |
| 26:08 | Queue | Villager (Male) |
| 26:23 | Build | Market |
| 26:51 | Build | Mining Camp |
| 26:54 | Build | House |
| 26:59 | Build | Palisade Wall |
| 27:59 | Build | Farm |
| 28:02 | Research | Imperial Age |
| 28:02 | Research | Imperial Age |
| 28:20 | Queue | Scorpion |
| 28:44 | Build | Palisade Wall |
| 28:45 | Build | Palisade Wall |
| 30:03 | Build | Castle |
| 30:28 | Queue | Petard |
| 30:29 | Queue | Petard |
Match timeline
| 5:34 | ELEG VACASADA · first_building Barracks |
| 8:58 | ELEG VACASADA · age_up feudal |
| 10:14 | Cer · age_up feudal |
| 10:19 | Cer · wall_segment Stone Wall x23 |
| 10:34 | Cer · first_building Barracks |
| 11:53 | Cer · first_building Archery Range |
| 12:48 | Cer · wall_segment Palisade Wall x3 |
| 12:53 | Cer · wall_segment Palisade Wall x2 |
| 12:56 | Cer · wall_segment Palisade Wall x1 |
| 13:14 | Cer · wall_segment Palisade Wall x2 |
| 13:20 | Cer · wall_segment Palisade Wall x1 |
| 18:22 | Cer · wall_segment Palisade Wall x1 |
| 18:25 | Cer · wall_segment Palisade Wall x1 |
| 18:26 | Cer · wall_segment Palisade Wall x1 |
| 18:32 | Cer · wall_segment Palisade Wall x1 |
| 20:55 | ELEG VACASADA · first_building Archery Range |
| 23:07 | ELEG VACASADA · age_up castle |
| 23:15 | ELEG VACASADA · first_building Castle |
| 23:43 | Cer · age_up castle |
| 24:01 | Cer · first_building Castle |
| 24:49 | Cer · first_building Siege Workshop |
| 25:45 | ELEG VACASADA · first_market_buy 100 wood |
| 26:03 | ELEG VACASADA · first_building Siege Workshop |
| 26:59 | Cer · wall_segment Palisade Wall x1 |
| 27:33 | Cer · first_market_sell 500 food |
| 28:44 | Cer · wall_segment Palisade Wall x1 |
| 28:45 | Cer · wall_segment Palisade Wall x1 |
| 28:49 | ELEG VACASADA · first_building Monastery |
| 29:54 | Cer · first_market_buy 100 stone |
| 30:04 | ELEG VACASADA · first_market_sell 100 wood |
| 30:41 | Cer · resign |
[ AI ANALYSIS · 1 CREDIT ]
What really happened in this match?
Wolo.gg analyzes every decision: build order, eco, micro, common mistakes by bracket. Personalized analysis on WhatsApp or Discord in 30 seconds.
Civ guide
Hindustanis
Perfil
Jugador #22785759